 Dungeon Crawl Stone Soup version 0.29.1-4-g47bece8355 (webtiles) character file.

Game seed: 16328184069767834858

0 iamoutofideas the Chopper (level 1, -1/20 HPs)
             Began as a Hill Orc Monk on Dec 8, 2022.
             Slain by a hobgoblin (5 damage)
             ... on level 1 of the Dungeon.
             The game lasted 00:00:04 (41 turns).

iamoutofideas the Chopper (Hill Orc Monk)             Turns: 41, Time: 00:00:05

Health: -1/20      AC:  2    Str: 13    XL:     1   Next: 10%
Magic:  1/1        EV: 12    Int: 10    God:
Gold:   0          SH:  0    Dex: 13    Spells: 0/0 levels left

rFire   . . .      SeeInvis .   a - +0 hand axe
rCold   . . .      Faith    .   (no shield)
rNeg    . . .      Spirit   .   b - +0 robe
rPois   .          Reflect  .   (no helmet)
rElec   .          Harm     .   (no cloak)
rCorr   .          Rampage  .   (no gloves)
Will    .....                   (no boots)
Stlth   ++........              (no amulet)
HPRegen 0.06/turn               (no ring)
MPRegen 0.07/turn               (no ring)

@: no status effects
A: no striking features
a: no special abilities


You were on level 1 of the Dungeon.
You visited 1 branch of the dungeon, and saw 1 of its levels.

Inventory:

Hand Weapons
 a - a +0 hand axe (weapon)
Armour
 b - a +0 robe (worn)
Potions
 c - a potion of ambrosia
 d - a potion of mutation {unknown}


   Skills:
 + Level 3.7 Fighting
 + Level 4.0 Axes
 + Level 2.4 Dodging
 + Level 1.5 Stealth


You couldn't memorise any spells.
You didn't know any spells.
Your spell library contained the following spells:

 Spells                   Type           Power      Damage    Failure   Level
 Conjure Flame            Conj/Fire      0%         6-21      75%         3
 Ignite Poison            Fire/Tmut/Pois 0%         N/A       75%         3
 Sticky Flame             Conj/Fire      0%         2d3       98%         4


Dungeon Overview and Level Annotations

Branches:
Dungeon (1/15)

Altars:


Message History

A hobgoblin comes into view.
You closely miss the kobold. The kobold barely misses you.
The hobgoblin shouts!
You hit the kobold.
You kill the kobold!
You hit the hobgoblin but do no damage. The hobgoblin closely misses you.
A giant cockroach comes into view.
A quokka comes into view.
The hobgoblin hits you.
You closely miss the hobgoblin. The hobgoblin misses you.
You hit the hobgoblin but do no damage. You barely miss the hobgoblin.
The hobgoblin closely misses you. x2
You hit the hobgoblin.
The hobgoblin is heavily wounded.
You closely miss the hobgoblin. The hobgoblin barely misses you. x2
Unknown command.
You hit the hobgoblin.
The hobgoblin is almost dead.
You hit the giant cockroach. You closely miss the hobgoblin.
The giant cockroach closely misses you.
The hobgoblin hits you but does no damage.
The hobgoblin hits you.
Unknown command.
You closely miss the hobgoblin.
The hobgoblin is almost dead.
You hit the quokka but do no damage. You barely miss the giant cockroach.
You barely miss the hobgoblin. The giant cockroach barely misses you.
The quokka closely misses you. The hobgoblin hits you.
The hobgoblin closely misses you. The giant cockroach bites you.
Unknown command.
You are too injured to fight recklessly!
You are too injured to fight recklessly!
You are too injured to fight recklessly!
You are too injured to fight recklessly!
You hit the giant cockroach.
You kill the giant cockroach!
You barely miss the hobgoblin. You barely miss the quokka.
You barely miss the hobgoblin. The quokka bites you.
* * * LOW HITPOINT WARNING * * *
The hobgoblin closely misses you. The hobgoblin hits you.
You die...

##...~.....
#..#.....~~
###.###.~.≈≈≈
########..##..~~≈~~~
#.....#....#(≈~≈≈≈≈.
#.......#####.~≈≈~..
#.....######..≈≈≈≈~.
#.....# #.~≈≈..~~~≈
#.g@..# #.~≈~~...~.
#....r.g.#
#.~~~~~.~..
..........#
##..~≈.....
....$......#
###.~~.###
.......###... ###.##
. ....... ##.. ### #
....... ##. .......


You could see a quokka and 2 hobgoblins.

Vanquished Creatures
  A giant cockroach (D:1)
  A kobold (D:1)
2 creatures vanquished.

Notes
Turn   | Place    | Note
-------+----------+-------------------------------------------
     0 | D:1      | iamoutofideas the Hill Orc Monk began the quest for the
                  | Orb.
     0 | D:1      | Reached XP level 1. HP: 19/19 MP: 1/1
    41 | D:1      | Slain by a hobgoblin

Illustrated notes

Levels and vault maps discovered:
D:1:      dpeg_arrival_subterranean_lakeside_camping, layout_basic,
          shapermc_ecumenical_altar_flowoftime, minmay_box_of_dots

Action                   || total
-------------------------++-------
Melee: Hand axe          ||     8
Armor: Robe              ||     1
Dodge: Dodged            ||    12
